 Dungeon Crawl Stone Soup version 0.26-a0-651-gb41185065b (webtiles) character file.

Game seed: 10433008850973776432

138199 Flugslaktarn the Severer (level 16, -2/159 HPs)
             Began as a Deep Dwarf Fighter on Oct 19, 2020.
             Was the Champion of Makhleb.
             Slain by a merfolk impaler
             ... wielding a +2 trident of distortion
              (21 damage)
             ... on level 4 of the Shoals on Oct 20, 2020.
             The game lasted 00:17:06 (18261 turns).

Flugslaktarn the Severer (Deep Dwarf Fighter)      Turns: 18261, Time: 00:17:07

Health: -2/159     AC: 31    Str: 23    XL:     16   Next: 41%
Magic:  2/2        EV: 12    Int:  9    God:    Makhleb [******]
Gold:   901        SH: 16    Dex: 22    Spells: 15/15 levels left

rFire    . . .     SeeInvis +   z - +0 broad axe
rCold    + . .     Faith    +   T - +0 tower shield
rNeg     + . .     Spirit   .   N - +0 plate armour
rPois    +         Reflect  .   B - +2 helmet
rElec    .         Harm     .   o - +0 cloak
rCorr    .         Rampage  .   e - +2 pair of gloves
MR       ++...                  y - +2 pair of boots
Stlth    ..........             b - amulet of faith
HPRegen  0.00/turn              M - ring "Tilob" {rPois rC+ Dex+6 SInv}
MPRegen  0.08/turn              p - +4 ring of protection

@: lethally poisoned (-2 -> -2), non-regenerating, very slow
A: damage resistance, heal wounds, talons 1, negative energy resistance 1, sense
surroundings 2, no regeneration
}: 1/15 runes: gossamer
a: Heal Wounds, Minor Destruction, Lesser Servant of Makhleb, Major Destruction,
Greater Servant of Makhleb, Renounce Religion


You were on level 4 of the Shoals.
You worshipped Makhleb.
Makhleb was exalted by your worship.
You visited 5 branches of the dungeon, and saw 29 of its levels.
You also visited: Ossuary.

You collected 2346 gold pieces.
You spent 1445 gold pieces at shops.

Inventory:

Hand Weapons
 a - a +1 war axe
 z - a +0 broad axe (weapon)
   (You found it on level 15 of the Dungeon)
Armour
 e - a +2 pair of gloves (worn)
   (You found it on level 1 of the Dungeon)
 j - a scarf of shadows
   (You found it on level 3 of the Dungeon)
 o - a +0 cloak (worn)
   (You found it on level 13 of the Dungeon)
 y - a +2 pair of boots (worn)
   (You found it on level 14 of the Dungeon)
 B - a +2 helmet (worn)
   (You found it on level 14 of the Dungeon)
 L - the cursed +0 pair of gloves of the Planets {rF+ rCorr}
   (You found it on level 4 of the Lair of Beasts)

   It protects you from fire.
   It provides partial protection from all sources of acid and corrosion.
   It has a curse placed upon it.
 N - a +0 plate armour (worn)
   (You found it on level 10 of the Dungeon)
 T - a +0 tower shield (worn)
   (You took it off Louise on level 2 of the Spider Nest)
Jewellery
 b - an amulet of faith (around neck)
   (You found it on level 11 of the Dungeon)
 c - an uncursed ring of protection from cold
   (You found it on level 1 of the Spider Nest)
 k - an uncursed ring of resist corrosion
   (You found it on level 5 of the Dungeon)
 p - a +4 ring of protection (right hand)
   (You found it on level 10 of the Dungeon)
 v - a +4 ring of evasion
   (You found it in an ossuary)
 M - the ring "Tilob" (left hand) {rPois rC+ Dex+6 SInv}
   (You bought it in a shop on level 9 of the Dungeon)

   [ring of dexterity]

   It affects your dexterity (+6).
   It protects you from cold.
   It protects you from poison.
   It lets you see invisible.
Wands
 f - a wand of paralysis (13)
   (You found it on level 6 of the Dungeon)
 g - a wand of digging (7)
   (You found it on level 4 of the Shoals)
 H - a wand of enslavement (5)
   (You found it on level 2 of the Lair of Beasts)
 Q - a wand of acid (5)
   (You found it on level 2 of the Spider Nest)
 R - a wand of iceblast (10)
   (You found it on level 1 of the Spider Nest)
Scrolls
 l - 4 scrolls of magic mapping
 m - a scroll of summoning
 r - 4 scrolls of identify
 t - 2 scrolls of teleportation
 u - a scroll of silence
 x - 12 scrolls of remove curse
 A - 6 scrolls of fog
 E - 2 scrolls of enchant armour
 I - 2 scrolls of immolation
 J - 2 scrolls of vulnerability
 P - 2 scrolls of fear
 S - 2 scrolls of enchant weapon
Potions
 d - 5 potions of might
 h - a potion of haste
 i - 3 potions of mutation
 n - a potion of resistance
 q - 6 potions of curing
 s - 4 potions of ambrosia
 w - 12 potions of heal wounds
 C - 3 potions of berserk rage
 D - a potion of invisibility
 G - a potion of magic
 K - 6 potions of lignification
 O - a potion of flight
Miscellaneous
 F - a condenser vane (inert)
   (You bought it in a shop on level 9 of the Dungeon)


   Skills:
 * Level 14.2 Fighting
 * Level 16.4 Axes
 + Level 12.4 Armour
 + Level 11.9 Dodging
 - Level 5.0 Shields
 + Level 13.8 Invocations
 - Level 10.0 Evocations


You had 15 spell levels left.
You didn't know any spells.
Your spell library was empty.

Dungeon Overview and Level Annotations

Branches:
Dungeon (15/15)            Temple (0/1) D:5            Lair (4/6) D:11
 Shoals (4/4) Lair:2       Spider (4/4) Lair:4          Orc (2/2) D:11
    Elf (0/3) Orc:2        Vaults (0/5) D:14         Depths (0/5) D:15
Ossuary (visited)

Altars:
Fedhas
Gozag
Makhleb
Nemelex Xobeh
Okawaru
Qazlal
Ru
Trog
Vehumet
Yredelemnul
Beogh

Shops:
D:8 [   D:9 =}   Orc:2 **[!}   Shoals:1 *

Portals:
Pandemonium: Orc:2

Annotations:
D:5 2 transporters
D:7 3 runed translucent doors, kae's ghost, novice DrTm
D:8 3 runed translucent doors, gbos's ghost, novice HOFi
D:9 1 exclusion, Jessica
Shoals:1 Kirke
Spider:2 Arachne


Innate Abilities, Weirdness & Mutations

You are resistant to damage.
You can heal yourself by infusing magical energy.
You resist negative energy. (rN+)
You passively map the area around you.
You do not regenerate.
You have sharp toenails.


Message History

You kill the merfolk avatar!
Makhleb accepts your kill.
The merfolk siren is engulfed in poison gas.
The merfolk siren looks even sicker.
The merfolk is engulfed in poison gas.
The merfolk looks as sick as possible!
The merfolk hits your hellwing with a +0 trident!
Your hellwing dies!
The merfolk impaler is engulfed in poison gas.
The merfolk impaler looks as sick as possible!
The merfolk impaler hits you but does no damage.
Your orange demon is engulfed in poison gas.
Your orange demon looks as sick as possible!
Your orange demon misses the merfolk siren.
Your orange demon barely misses the merfolk siren.
The merfolk impaler is engulfed in poison gas.
The merfolk impaler looks as sick as possible!
The merfolk impaler hits you from afar with a +2 trident of distortion.
* * * LOW HITPOINT WARNING * * *
Space warps horribly around you!!
You die...

≈≈ ≈≈≈ ≈ ≈ ≈ ≈ ≈ ≈≈≈≈≈≈
≈≈≈≈≈≈≈≈≈≈≈≈≈≈≈ ≈ ≈ ≈ ≈
≈≈≈≈≈≈≈≈≈≈≈≈≈≈≈ ≈ ≈≈
#≈≈≈≈≈≈≈≈≈≈≈≈≈≈≈ ≈
#≈..≈≈≈≈≈≈§§≈ ≈
*....≈##≈..≈≈≈≈≈§§≈ ≈#
.≈≈..≈#(≈≈§§§≈≈§§≈ ≈ ≈..
≈≈#..#≈≈≈§§m≈≈≈≈≈ ≈≈ ≈≈#
.≈m##≈..#(≈≈@m§≈≈≈≈≈ ≈≈≈
≈≈#≈.≈≈#≈...#§m≈§§§≈≈≈≈≈≈≈
≈≈#≈..#≈..#.#4m§§≈≈≈≈≈≈≈ ≈ ≈
≈.##≈....#.#§m§≈§≈≈≈≈≈≈≈ ≈
.≈.##≈....#.§§§§≈≈≈≈≈≈≈≈
.≈..######(..§§§.≈P≈≈≈≈≈≈≈≈≈
..≈≈≈P.......P...≈≈≈≈≈≈≈
.≈≈≈≈≈....######.≈≈≈≈≈≈≈ ≈
≈≈≈≈≈≈...## , #≈≈P≈≈≈ ≈


You could see 2 merfolk impalers, a merfolk javelineer (extremely poisoned), a
merfolk (unaware, extremely poisoned), a merfolk siren (very poisoned) and a
friendly orange demon (summoned, extremely poisoned).

Vanquished Creatures
  A kraken (Shoals:1)
  2 ghost moths
  3 emperor scorpions (Spider:4)
  Azrael (D:14)
  A spark wasp (Spider:3)
  A merfolk impaler (Shoals:1)
  A hydra (D:13)
  A merfolk aquamancer (Shoals:4)
  2 merfolk avatars
  An alligator snapping turtle (Shoals:3)
  2 centaur warriors (D:14)
  5 two-headed ogres
  Urug (D:14)
  8 orc high priests
  A titan zombie (D:15)
  2 skeletal warriors (D:15)
  A sun demon (Orc:2)
  A soul eater (Orc:2)
  A spark wasp zombie (D:15)
  2 infernal demonspawn (Orc:2)
  5 sea snakes
  A torturous demonspawn (Orc:2)
  A gelid demonspawn (Orc:2)
  3 unseen horrors
  4 orc knights
  12 orb spiders
  A necromancer (D:15)
  6 harpies (Shoals:1)
  A wolf spider zombie (D:12)
  3 orc sorcerers (Orc:2)
  24 wolf spiders
  3 manticores
  3 cyclopes
  6 fauns
  7 ugly things
  A moth of wrath (Spider:4)
  A black mamba (Lair:1)
  A frost giant skeleton (D:15)
  A smoke demon (Orc:2)
  3 water nymphs
  5 merfolk sirens
  7 cane toads
  5 demonic crawlers
  5 komodo dragons
  An orange demon (Orc:2)
  2 rime drakes
  28 jumping spiders
  8 trolls
  2 polar bears
  7 merfolk
  8 hornets
  4 wind drakes
  2 hippogriffs
  A meliai zombie (D:14)
  4 snapping turtles
  46 redbacks
  A spriggan (Lair:2)
  A vampire (D:10)
  2 shadows
  2 wraiths
  3 water elementals (Shoals:4)
  16 tarantellas
  16 humans (D:14)
  17 yaks
  2 fire elementals (D:14)
  3 hogs (Shoals:1)
  9 vampire mosquitoes
  A basilisk (D:15)
  5 wargs
  A soldier ant (D:12)
  A tengu zombie (D:15)
  2 acid dragons (D:14)
  2 hell hounds (D:14)
  10 water moccasins
  2 porcupines (Lair:4)
  A black bear (D:13)
  4 sky beasts
  8 ice beasts
  29 orc warriors
  A necrophage (D:12)
  3 eyes of draining
  14 ogres
  7 phantoms
  34 wolves
  9 crocodiles
  5 centaurs
  2 big kobolds
  8 bullfrogs
  A gnoll sergeant (D:12)
  3 water moccasin zombies
  5 scorpions
  3 wights (D:9)
  3 howler monkeys (D:14)
  5 electric eels
  3 bullfrog zombies
  3 centaur zombies
  8 hounds
  2 quasits
  29 orc priests
  2 bullfrog skeletons
  5 jellies
  18 orc wizards
  3 centaur skeletons
  7 iguanas
  8 worker ants
  8 ogre zombies (D:11)
  2 big kobold zombies (Ossuary)
  A hound zombie (D:8)
  3 hound skeletons
  2 mummies (Ossuary)
  6 gnolls
  A howler monkey skeleton (D:5)
  11 adders
  2 shadow imps
  5 white imps
  An ufetubus (D:7)
  2 oozes
  3 adder skeletons
  3 adder zombies (Ossuary)
  2 worms
  3 leopard geckos
  60 orcs
  4 bats
  6 giant cockroaches
  A gnoll zombie (Ossuary)
  5 goblins
  A hobgoblin (D:1)
  5 jackals
  7 kobolds
  4 quokkas
  A frilled lizard (D:3)
  3 goblin zombies (D:11)
  12 hobgoblin zombies
  A jackal skeleton (D:4)
  5 kobold zombies (Ossuary)
  A leopard gecko skeleton (D:4)
  3 orc skeletons (D:11)
  21 orc zombies
  A quokka skeleton (D:4)
  A quokka zombie (D:10)
  3 tentacles (Shoals:1)
789 creatures vanquished.

Vanquished Creatures (collateral kills)
  Rupert (D:13)
  A ghost moth (Spider:4)
  Louise (Spider:2)
  2 emperor scorpions (Spider:4)
  An entropy weaver (Spider:2)
  A merfolk javelineer (Shoals:4)
  A merfolk impaler (Shoals:3)
  A hydra (Lair:3)
  A catoblepas (D:13)
  An orc high priest (Orc:2)
  An orc knight (Orc:2)
  3 wolf spiders (Spider:4)
  A manticore (Shoals:3)
  An orc sorcerer (Orc:2)
  A cane toad (Lair:3)
  2 demonic crawlers
  A merfolk (Shoals:3)
  A troll (D:13)
  2 hornets (Spider:4)
  2 water elementals (Shoals:4)
  A redback (Spider:4)
  An orc warrior (Orc:2)
  3 orcs
31 creatures vanquished.

Vanquished Creatures (others)
  A merfolk aquamancer (Shoals:4)
  A centaur zombie (D:14)
  A jumping spider (Spider:1)
  A water elemental (Shoals:4)
  An orc wizard (D:12)
  8 fungi
  119 plants
  3 tentacles (Shoals:1)
  18 withered plants (D:15)
153 creatures vanquished.

Grand Total: 973 creatures vanquished

Notes
Turn   | Place    | Note
-------+----------+-------------------------------------------
     0 | D:1      | Flugslaktarn the Deep Dwarf Fighter began the quest for the
                  | Orb.
     0 | D:1      | Reached XP level 1. HP: 20/20 MP: 1/1
    81 | D:1      | Reached XP level 2. HP: 22/27 MP: 2/2
   177 | D:2      | Reached XP level 3. HP: 18/34 MP: 3/3
   460 | D:3      | Found a radiant altar of Vehumet.
   463 | D:3      | Found a basalt altar of Yredelemnul.
   466 | D:3      | Found a burning altar of Makhleb.
   469 | D:3      | Found a bloodstained altar of Trog.
   475 | D:3      | Became a worshipper of Makhleb the Destroyer
   515 | D:4      | Reached skill level 3 in Axes
   638 | D:4      | Reached skill level 1 in Invocations
   638 | D:4      | Reached XP level 4. HP: 20/42 MP: 3/3
   779 | D:4      | Reached skill level 1 in Dodging
   779 | D:4      | Reached XP level 5. HP: 36/50 MP: 3/5
  1318 | D:5      | Entered Level 5 of the Dungeon
  1318 | D:5      | Found a sacrificial altar of Ru.
  1318 | D:5      | Noticed a centaur
  1328 | D:5      | Found an iron altar of Okawaru.
  1333 | D:5      | Found a transporter.
  1344 | D:5      | Found a transporter.
  1425 | D:5      | Reached skill level 4 in Axes
  1425 | D:5      | Reached XP level 6. HP: 31/57 MP: 6/6
  1465 | D:5      | Reached * piety under Makhleb
  1483 | D:5      | Noticed a sky beast
  1508 | D:5      | Killed a sky beast
  1516 | D:5      | Found a sand-covered staircase.
  1528 | D:5      | Reached XP level 7. HP: 45/66 MP: 7/7
  1533 | Ossuary  | Entered an ossuary
  1682 | Ossuary  | Reached ** piety under Makhleb
  1686 | Ossuary  | Reached skill level 5 in Axes
  1807 | D:5      | Reached skill level 5 in Fighting
  1920 | D:5      | Reached XP level 8. HP: 70/74 MP: 7/7
  1935 | D:5      | Reached skill level 5 in Armour
  1940 | D:5      | Found a staircase to the Ecumenical Temple.
  2159 | D:5      | Reached skill level 6 in Axes
  2159 | D:5      | Reached skill level 5 in Shields
  2168 | D:5      | Found a blossoming altar of Fedhas.
  2168 | D:5      | Found a stormy altar of Qazlal.
  2240 | D:5      | Found a sparkling altar of Nemelex Xobeh.
  2374 | D:6      | Noticed a skeletal warrior
  2844 | D:6      | Reached *** piety under Makhleb
  3256 | D:7      | Found an opulent altar of Gozag.
  3342 | D:7      | Reached skill level 7 in Axes
  3342 | D:7      | Reached skill level 5 in Invocations
  3342 | D:7      | Gained mutation: You passively map the area around you.
                  | [Deep Dwarf growth]
  3342 | D:7      | Reached XP level 9. HP: 82/82 MP: 9/9
  3643 | D:7      | Noticed a white ugly thing
  3644 | D:7      | Found a runed translucent gate.
  3644 | D:7      | Found a runed translucent gate.
  3644 | D:7      | Found a runed translucent gate.
  3644 | D:7      | Noticed kae's ghost (novice DrTm)
  3958 | D:8      | Noticed a two-headed ogre
  3959 | D:8      | Found Bonab's Armour Emporium.
  3974 | D:8      | Killed a two-headed ogre
  3974 | D:8      | Reached skill level 8 in Axes
  3974 | D:8      | Reached skill level 5 in Dodging
  4125 | D:8      | Found a runed translucent gate.
  4125 | D:8      | Found a runed translucent gate.
  4126 | D:8      | Found a runed translucent gate.
  4130 | D:8      | Noticed gbos's ghost (novice HOFi)
  4202 | D:8      | Reached **** piety under Makhleb
  4520 | D:9      | Noticed a white ugly thing
  4543 | D:9      | Killed a white ugly thing
  4543 | D:9      | Reached XP level 10. HP: 68/94 MP: 11/11
  5064 | D:9      | Found Lualiun's Jewellery Shop.
  5165 | D:9      | Reached skill level 1 in Evocations
  5171 | D:9      | Found Guufurch's Gadget Shoppe.
  5176 | D:9      | Bought a condenser vane (2/2) for 320 gold pieces
  5263 | D:9      | Noticed Jessica
  5500 | D:10     | Entered Level 10 of the Dungeon
  5521 | D:10     | Reached skill level 9 in Axes
  5820 | D:10     | Noticed a two-headed ogre
  5861 | D:10     | Killed a two-headed ogre
  6283 | D:11     | Noticed a two-headed ogre
  6297 | D:11     | Killed a two-headed ogre
  6396 | D:11     | Found a staircase to the Orcish Mines.
  6406 | D:11     | Reached ***** piety under Makhleb
  6864 | D:11     | Found a sacrificial altar of Ru.
  6876 | D:11     | Found a staircase to the Lair.
  6887 | D:11     | Reached XP level 11. HP: 93/104 MP: 11/11
  7143 | D:12     | Reached skill level 10 in Axes
  7403 | D:12     | Killed an unseen horror
  7689 | D:13     | Noticed a seven-headed hydra
  7690 | D:13     | Noticed Rupert
  7708 | D:13     | Killed a ten-headed hydra
  7732 | D:13     | Killed Rupert
  7732 | D:13     | Reached skill level 5 in Evocations
  8102 | D:13     | Reached skill level 11 in Axes
  8166 | D:13     | Noticed a seven-headed hydra
  8203 | D:13     | Noticed a catoblepas
  8236 | D:13     | Killed a catoblepas
  8360 | D:14     | Killed an unseen horror
  8360 | D:14     | Reached XP level 12. HP: 74/116 MP: 11/11
  8415 | D:14     | Noticed Azrael
  8429 | D:14     | Noticed a two-headed ogre
  8451 | D:14     | Killed Azrael
  8451 | D:14     | Reached skill level 10 in Fighting
  8475 | D:14     | Killed a two-headed ogre
  8517 | D:14     | Noticed Urug
  8550 | D:14     | Killed Urug
  8662 | D:14     | Found a gate to the Vaults.
  8683 | D:14     | Noticed a centaur warrior
  8700 | D:14     | Killed a centaur warrior
  8700 | D:14     | Reached skill level 12 in Axes
  8706 | D:14     | Reached ****** piety under Makhleb
  8709 | D:14     | Found a sacrificial altar of Ru.
  8851 | D:14     | Noticed a centaur warrior
  8863 | D:14     | Killed a centaur warrior
  8863 | D:14     | Reached skill level 10 in Invocations
  9446 | D:15     | Entered Level 15 of the Dungeon
  9457 | D:15     | Reached XP level 13. HP: 126/126 MP: 11/11
  9470 | D:15     | Found a staircase to the Depths.
 10078 | Lair:1   | Entered Level 1 of the Lair of Beasts
 10228 | Lair:2   | Reached skill level 13 in Axes
 10359 | Lair:2   | Reached skill level 10 in Armour
 10928 | Lair:2   | Found a staircase to the Shoals.
 12164 | Lair:4   | Got a pair of smoking gloves
 12165 | Lair:4   | Identified the cursed +0 pair of gloves of the Planets {rF+
                  | rCorr} (You found it on level 4 of the Lair of Beasts)
 12503 | Lair:4   | Found a hole to the Spider Nest.
 13198 | Lair:1   | Gained mutation: You resist negative energy. (rN+) [Deep
                  | Dwarf growth]
 13198 | Lair:1   | Reached XP level 14. HP: 80/136 MP: 8/8
 13271 | Orc:1    | Entered Level 1 of the Orcish Mines
 13571 | Orc:1    | Found a roughly hewn altar of Beogh.
 13752 | Orc:2    | Entered Level 2 of the Orcish Mines
 14015 | Orc:2    | Found Quadei Letsy's Assorted Antiques.
 14181 | Orc:2    | Found Mieteps's General Store.
 14182 | Orc:2    | Found Caenuex's Distillery.
 14446 | Orc:2    | Reached skill level 14 in Axes
 14520 | Orc:2    | Reached skill level 10 in Dodging
 15010 | Orc:2    | Found a staircase to the Elven Halls.
 15114 | Orc:2    | HP: 4/139 [sun demon[an orc sorcerer] (15)]
 15129 | Orc:2    | Reached skill level 10 in Evocations
 15212 | Orc:2    | Found Irich's Antique Armour Emporium.
 15212 | Orc:2    | Found Rivieheng's Gadget Shoppe.
 15212 | Orc:2    | Found a one-way gate leading to the halls of Pandemonium.
 15367 | D:9      | Bought the ring "Tilob" {rPois rC+ Dex+6 SInv} for 970 gold
                  | pieces
 15532 | Orc:2    | Bought a shiny agate ring for 155 gold pieces
 15749 | Spider:1 | Entered Level 1 of the Spider Nest
 16080 | Spider:1 | Reached XP level 15. HP: 68/146 MP: 8/8
 16131 | Spider:1 | You fall into a shaft and drop 1 floor!
 16132 | Spider:2 | Noticed Arachne
 16449 | Spider:2 | Reached skill level 15 in Axes
 16500 | Spider:3 | Noticed Louise
 16755 | Spider:2 | Killed Louise
 16873 | Spider:3 | Noticed a ghost moth
 16879 | Spider:3 | Paralysed by a hornet for 1 turns
 16886 | Spider:3 | Killed a ghost moth
 16939 | Spider:4 | Entered Level 4 of the Spider Nest
 17042 | Spider:4 | Paralysed by a hornet for 1 turns
 17062 | Spider:4 | Noticed a ghost moth
 17079 | Spider:4 | Killed a ghost moth
 17079 | Spider:4 | Gained mutation: You have sharp toenails. [mutagenic glow]
 17096 | Spider:4 | Noticed a ghost moth
 17098 | Spider:4 | Killed a ghost moth
 17315 | Spider:4 | Got a gossamer rune of Zot
 17508 | Shoals:1 | Entered Level 1 of the Shoals
 17526 | Shoals:1 | Noticed a kraken
 17539 | Shoals:1 | Killed a kraken
 17539 | Shoals:1 | Reached XP level 16. HP: 121/158 MP: 6/6
 17648 | Shoals:2 | Reached skill level 16 in Axes
 17669 | Shoals:1 | Found Ipoaq's General Store.
 17715 | Shoals:1 | Noticed Kirke
 18138 | Shoals:4 | Entered Level 4 of the Shoals
 18261 | Shoals:4 | Slain by a merfolk impaler

Illustrated notes

Levels and vault maps discovered:
D:1:      wander_arrival_chamber, layout_basic, minivault_11
D:2:      layout_basic, lemuel_crystal_altar
D:3:      layout_loops_corners, grunt_temple_overflow_cloverleaf, uniq_terence
D:4:      layout_basic
D:5:      layout_basic, grunt_temple_overflow_forces_of_nature,
          gammafunk_temple_overflow_arena, minmay_temple_entry_glassed_door,
          enter_ossuary_1, serial_bayou_pond_d, nemelex_dance_club_becter
D:6:      layout_loops_corners, hangedman_abyss_or_decor_stabs,
          lightli_corner_chamber
D:7:      layout_basic, lemuel_crystal_altar, gammafunk_ghost_split,
          grunt_decor_one_mirror, kennysheep_generic_room_16
D:8:      layout_loops_cross, gammafunk_ghost_split, serial_shops,
          nicolae_shop_waterfront, corexii_leaking_fountain,
          minmay_misc_feat_secret_circle
D:9:      minmay_distorted_concentric_squares, layout_basic, tgw_sif,
          serial_shops, nicolae_shop_stone, kennysheep_little_box
D:10:     layout_basic, corexii_checkpoint_a, serial_bayou_lagoon_a
D:11:     layout_basic, erik_lair_orcish_takeover, zombieorc2_lemuel,
          basic_altar, kennysheep_generic_room_13
D:12:     layout_rooms
D:13:     layout_cave_pools, serial_column_ruins, column_ruins_hut,
          column_ruins_columns_straight, column_ruins_open_tiny,
          column_ruins_open_small, column_ruins_open_medium,
          column_ruins_open_tiny, column_ruins_open_small, column_ruins_grid_1,
          uniq_rupert
D:14:     layout_loops_ring, david_vaults_3, minivault_19,
          nicolae_ru_sacrificial_ziggurat, uniq_azrael
D:15:     gammafunk_depths_entry_grave, layout_loops_ring, kennysheep_crisscross
Lair:1:   layout_small_grid, beast_lair_carwin_6
Lair:2:   layout_roguey, minmay_shoals_entry_hut, minivault_23,
          grunt_forest_large_clearings, serial_bayou_shore_b
Lair:3:   layout_layer_cave, grunt_megastairs_4, infiniplex_staircase_pool_2
Lair:4:   layout_layer_cave, nicolae_spider_entry_orb_guardian,
          serial_bayou_shore_a, infiniplex_staircase_pool
Shoals:1: layout_shoals, serial_shops, nicolae_shop_overgrown_old_shop,
          shop_statue, nicolae_shop_stone, uniq_kirke
Shoals:2: layout_shoals
Shoals:3: layout_shoals, portal_ice_cave_entry_ice_statue_one
Shoals:4: shoals_end_hangedman, layout_shoals, shoal_ilsuiw
Spider:1: spiders_nest_scorpion_pit
Spider:2: layout_spider_delve, drop_trap, spiders_nest_spider_trap,
          nicolae_spider_cling_ruins, uniq_arachne
Spider:3: layout_spider_delve, worms_lemuel, uniq_louise
Spider:4: guppyfry_spider_rune
Orc:1:    layout_diamond_mine, serial_shops, shop_coins, nicolae_orc_lava_tube,
          kennysheep_orc_chapel
Orc:2:    pf_orc_diabolical, layout_diamond_mine, serial_shops, shop,
          nicolae_orc_lava_room

Skill      XL: |  1  2  3  4  5  6  7  8  9 10 11 12 13 14 15 16 |
---------------+-------------------------------------------------+-----
Fighting       | 3 4 5 6 7 8 9 10 11 12 13 14 | 14.2
Axes           | 3 4 5 7 8 9 11 12 13 14 15 16 | 16.4
Invocations    | 1 2 3 5 6 7 9 10 11 12 13 | 13.8
Dodging        | 1 2 3 4 5 6 7 8 9 10 11 | 11.9
Armour         | 4 5 6 7 8 9 10 11 12 | 12.4
Shields        | 4 5 |  5.0
Evocations     | 3 5 7 9 10 | 10.0

Action                   |  1- 3 |  4- 6 |  7- 9 | 10-12 | 13-15 | 16-18 || total
-------------------------+-------+-------+-------+-------+-------+-------++-------
Melee: War axe           |   121 |   123 |   514 |  1076 |   131 |       ||  1965
       Broad axe         |       |       |       |       |  1535 |   317 ||  1852
       Unarmed           |       |       |       |       |       |     1 ||     1
Invok: Lesser Servant of |       |       |       |    14 |    16 |     6 ||    36
       Greater Servant o |       |       |       |       |     2 |       ||     2
 Abil: Heal Wounds       |     2 |     3 |     8 |    21 |    38 |    18 ||    90
Evoke: Wand              |       |       |       |    15 |     1 |       ||    16
       Condenser vane    |       |       |       |     1 |     6 |     2 ||     9
  Use: Scroll            |     1 |       |    11 |    13 |    14 |     3 ||    42
       Potion            |       |       |     4 |       |     3 |     2 ||     9
 Stab: Paralysed         |       |       |       |     4 |       |       ||     4
       Distracted        |       |       |       |       |     7 |     3 ||    10
Armor: Scale mail        |    65 |    75 |    61 |       |       |       ||   201
       Chain mail        |       |       |    67 |       |       |       ||    67
       Plate armour      |       |       |    32 |   648 |  1498 |   276 ||  2454
Dodge: Dodged            |    44 |    52 |   195 |   519 |  1156 |   177 ||  2143
Block: Kite shield       |    61 |    76 |   231 |   554 |   972 |       ||  1894
       Tower shield      |       |       |       |       |   361 |   368 ||   729

Table legend: (Time is in decaauts)
 A = Elapsed time spent in this place.
 B = Non-inter-level travel time spent in this place.
 C = Inter-level travel time spent in this place.
 D = Time resting spent in this place.
 E = Time spent auto-exploring this place.
 F = Levels seen in this place.
 G = Mean time per level.
                   A        B        C        D        E       F      G
               +--------+--------+--------+--------+--------+-----+--------+
         Total |  18568 |  16933 |   1635 |    636 |   9879 |  30 |  618.9 |
       Dungeon |  10335 |   9550 |    785 |    265 |   5793 |  15 |  689.0 |
          Lair |   3426 |   3052 |    374 |     65 |   2382 |   4 |  856.5 |
        Shoals |    689 |    654 |     35 |      0 |     70 |   4 |  172.2 |
   Spider Nest |   1661 |   1494 |    167 |    171 |    470 |   4 |  415.2 |
  Orcish Mines |   2203 |   1931 |    272 |    132 |   1091 |   2 | 1101.5 |
       Ossuary |    253 |    253 |      0 |      3 |     72 |   1 |  253.0 |
               +--------+--------+--------+--------+--------+-----+--------+

Top non-repeatable levels by time:
   Orc:2: 1637 daAuts
    D:14: 1225 daAuts
  Lair:4: 1188 daAuts
     D:9: 1125 daAuts
    D:11: 1072 daAuts
  Lair:2: 1054 daAuts
  Lair:3: 1014 daAuts
     D:6: 982 daAuts
     D:4: 867 daAuts
     D:5: 813 daAuts
    D:10: 807 daAuts
     D:8: 641 daAuts
    D:13: 617 daAuts
    D:12: 606 daAuts
Spider:2: 577 daAuts
